 Dungeon Crawl Stone Soup version 0.20-a0-647-gf178af5 (console) character file.

37413 nht the Severer (level 14, -2/100 HPs)
             Began as a Formicid Fighter on Feb 15, 2017.
             Was the Champion of Dithmenos.
             Slain by a five-headed hydra (6 damage)
             ... on level 5 of the Lair of Beasts.
             The game lasted 00:38:38 (17300 turns).

nht the Severer (Formicid Fighter)                 Turns: 17300, Time: 00:38:40

Health: -2/100     AC: 11    Str: 24    XL:     14   Next: 28%
Magic:  0/24       EV: 11    Int:  8    God:    Dithmenos [******]
Gold:   988        SH: 13    Dex: 15    Spells: 4/27 levels left

rFire    + + +     SeeInvis +   a - +3 war axe {chop, MR+ Dex+5} (curse)
rCold    + . .     Gourm    .   H - +2 robe "Bume" {rElec rF++ rC+ Str-2}
rNeg     . . .     Faith    .   c - +1 shield
rPois    .         Spirit   +   (helmet unavailable)
rElec    +         Reflect  .   m - scarf {Spirit}
rCorr    .         Harm     .   d - +0 pair of gloves
MR       ++...                  k - +0 pair of boots
Stlth    ++........             (no amulet)
Regen    0.3/turn               u - ring of protection from fire
MPRegen  0.2/turn               C - +4 ring of protection

@: wreathed by umbra
A: permanent stasis, dig shafts and tunnels, four strong arms, antennae 3,
MP-powered wands
a: Dig, Shaft Self, Shadow Step, Shadow Form, Renounce Religion


You were on level 5 of the Lair of Beasts.
You worshipped Dithmenos.
Dithmenos was exalted by your worship.
You were hungry.

You visited 3 branches of the dungeon, and saw 18 of its levels.

You collected 1258 gold pieces.
You spent 270 gold pieces at shops.

Inventory:

Hand Weapons
 a - the cursed +3 war axe of the Depths (weapon) {chop, MR+ Dex+5}
   (You found it on level 10 of the Dungeon)

   It inflicts extra damage upon your enemies.
   It affects your dexterity (+5).
   It affects your resistance to hostile enchantments.
   It has a curse placed upon it.
 A - the +6 dagger of the Abyss {venom, rC+ rN+ Int+3}
   (You found it on level 7 of the Dungeon)

   It poisons the flesh of those it strikes.
   It affects your intelligence (+3).
   It protects you from cold.
   It protects you from negative energy.
 P - a +3 battleaxe
Missiles
 n - 3 poisoned tomahawks (quivered)
 y - 4 tomahawks
 E - 12 javelins
 J - 2 needles of confusion
Armour
 b - a +0 chain mail of cold resistance
 c - a +1 shield (worn)
 d - a +0 pair of gloves (worn)
 k - a +0 pair of boots (worn)
 m - a scarf of spirit shield (worn)
 z - a scarf of cold resistance
 H - the +2 robe "Bume" (worn) {rElec rF++ rC+ Str-2}
   (You found it on level 5 of the Lair of Beasts)

   It affects your strength (-2).
   It greatly protects you from fire.
   It protects you from cold.
   It insulates you from electricity.
Jewellery
 u - a ring of protection from fire (right hand)
 C - a +4 ring of protection (left hand)
 X - an uncursed ring of resist corrosion
Wands
 j - a wand of enslavement (0/24)
 r - a wand of paralysis (0/24)
 F - a wand of enslavement (6/24)
 I - a wand of iceblast (0/15)
 L - a wand of paralysis (13/24)
 N - a wand of polymorph (12/24)
 Z - a wand of paralysis (11/24)
Scrolls
 i - 4 scrolls of magic mapping
 p - 9 scrolls of remove curse
 q - 2 scrolls of enchant weapon
 x - 4 scrolls of identify
 D - 2 scrolls of enchant armour
 M - a scroll of recharging
 Q - a scroll of amnesia
 R - 4 scrolls of fog
 S - 2 scrolls of fear
Potions
 e - 9 potions of curing
 g - a potion of brilliance
 o - 2 potions of flight
 s - a potion of lignification
 t - a potion of invisibility
 w - 4 potions of agility
 B - 3 potions of mutation
 G - a potion of heal wounds
 K - a potion of resistance
 V - a potion of might
Books
 T - the Handbook of Doomed Bewitchment
   (You found it on level 11 of the Dungeon)

   Spells                             Type                      Level
   a - Pain                           Necromancy                   1
   b - Sublimation of Blood           Necromancy                   2
   c - Spectral Weapon                Hexes/Charms                 3
   d - Tukima's Dance                 Hexes                        3
   e - Metabolic Englaciation         Hexes/Ice                    5
   f - Darkness                       Hexes                        6
 U - a book of Party Tricks

   Spells                             Type                      Level
   a - Summon Butterflies             Summoning                    1
   b - Apportation                    Translocation                1
   c - Lesser Beckoning               Translocation                3
   d - Tukima's Dance                 Hexes                        3
   e - Alistair's Intoxication        Transmutation/Poison         5
   f - Invisibility                   Hexes                        6
 W - a book of Callings

   Spells                             Type                      Level
   a - Summon Small Mammal            Summoning                    1
   b - Call Imp                       Summoning                    2
   c - Call Canine Familiar           Summoning                    3
   d - Summon Guardian Golem          Hexes/Summoning              3
   e - Summon Lightning Spire         Summoning/Air                4
   f - Summon Ice Beast               Ice/Summoning                4
Comestibles
 f - 14 bread rations
 h - 12 meat rations
 l - 16 royal jellies
 v - 10 fruits
 O - 5 chunks of flesh


   Skills:
 - Level 6.2 Fighting
 - Level 16.0 Axes
 - Level 5.8 Armour
 - Level 9.0 Shields
 - Level 7.1 Spellcasting
 + Level 13.9 Hexes


You had 4 spell levels left.
You knew the following spells:

 Your Spells              Type           Power        Failure   Level  Hunger
a - Tukima's Dance        Hex            ####....     1%          3    ###....
b - Invisibility          Hex            ####....     12%         6    #######
c - Darkness              Hex            ####......   12%         6    #######
d - Metabolic Englaciati  Hex/Ice        ##........   38%         5    ######.
e - Spectral Weapon       Hex/Chrm       ##......     4%          3    ###....


Dungeon Overview and Level Annotations

Branches:
Dungeon (11/15)            Temple (1/1) D:6            Lair (6/6) D:11
 Shoals (0/4) Lair:4       Spider (0/4) Lair:3          Orc (0/2) D:11
  Slime: Lair:5-6

Altars:
Ashenzari
Cheibriados
Dithmenos
Elyvilon
Fedhas
Gozag
Hepliaklqana
Kikubaaqudgha
Makhleb
Nemelex Xobeh
Okawaru
Qazlal
Ru
Sif Muna
Trog
Uskayaw
Vehumet
Xom
Yredelemnul
Zin
The Shining One

Shops:
D:5 *   D:9 !   D:10 %

Annotations:
Lair:1 exclusion: oklob plant


Innate Abilities, Weirdness & Mutations

You cannot be hasted, slowed, berserked, paralysed or teleported.
You can dig through walls and to a lower floor.
Your four strong arms can wield two-handed weapons with a shield.
You have a pair of large antennae on your head. (SInv)
You expend magic power (3 MP) to strengthen your wands.


Message History

Evoke which item? (* to show all) (? for menu, Esc to quit)
You don't have enough magic at the moment.
Unknown command.
Unknown command.
The blink frog blinks!
Are you sure you want to shaft yourself?
You are feeling hungry.
The five-headed hydra bites you!
* * * LOW HITPOINT WARNING * * *
You emit a cloud of dark smoke.
The five-headed hydra bites you.
* * * LOW HITPOINT WARNING * * *
The five-headed hydra bites you!
* * * LOW HITPOINT WARNING * * *
You block the five-headed hydra's attack.
The five-headed hydra bites you.
* * * LOW HITPOINT WARNING * * *
You begin to dig a shaft.
You continue digging a shaft.
The five-headed hydra barely misses you.
The five-headed hydra bites you.
You die... ██ ███ █P.....███ ███ ████ ████....█ ███.██ █...P█ █....█ ██...█ █F..█ █D███

█@█ ██§█ █§.██
██..██ █...█
█.███ ███████.█
██████..██.█.██
█.██..█..P.█..█


You could see a five-headed hydra and a blink frog.

Vanquished Creatures
  A catoblepas (Lair:2)
  2 hydras
  2 two-headed ogres (D:9)
  An unseen horror (D:10)
  A deep elf mage (D:11)
  An ugly thing (D:11)
  9 elephants
  3 black mambas
  13 spiny frogs
  4 komodo dragons
  A troll (D:7)
  2 jumping spiders (Lair:3)
  3 polar bears
  A hornet (D:11)
  6 dream sheep (Lair:4)
  8 blink frogs
  10 hippogriffs
  A redback (Lair:3)
  The ghost of anet the Magician, an amateur DEWz (D:4)
  Sigmund (D:3)
  2 wraiths
  4 wyverns
  3 hogs (D:7)
  43 yaks
  2 basilisks
  A human (D:7)
  2 vampire mosquitoes (Lair:6)
  A hungry ghost (D:9)
  5 water moccasins
  9 porcupines
  3 ice beasts
  6 sky beasts
  A phantom (D:8)
  6 orc warriors
  3 necrophages
  9 centaurs
  10 ogres
  9 wolves
  11 crocodiles
  2 big kobolds
  21 bullfrogs
  4 scorpions
  6 killer bees (D:10)
  6 wights
  5 crimson imps
  6 hounds
  3 quasits (D:4)
  A bullfrog zombie (D:6)
  6 orc priests
  A centaur zombie (D:8)
  6 jellies
  3 centaur skeletons
  8 orc wizards
  2 iguanas
  A bullfrog skeleton (D:5)
  3 worker ants
  10 hell rats (Lair:5)
  A killer bee zombie (D:6)
  A hound zombie (D:6)
  A hound skeleton (D:4)
  A howler monkey zombie (D:7)
  Robin (D:4)
  A howler monkey skeleton (D:5)
  13 adders
  2 shadow imps
  A white imp (D:8)
  An ooze (D:1)
  2 adder skeletons
  5 worms
  3 dart slugs
  5 leopard geckos
  20 orcs
  6 bats
  7 giant cockroaches
  12 goblins
  7 hobgoblins
  6 jackals
  6 quokkas
  4 frilled lizards
  A goblin skeleton (D:8)
  2 goblin zombies (D:8)
  3 hobgoblin zombies (D:8)
  2 jackal skeletons
  13 kobolds
  2 orc skeletons (D:8)
  2 orc zombies (D:8)
  A quokka skeleton (D:5)
  6 rats
  2 fungi
  2 plants (Lair:6)
437 creatures vanquished.

Vanquished Creatures (collateral kills)
  A basilisk (Lair:3)
  An ooze (Lair:6)
2 creatures vanquished.

Vanquished Creatures (others)
  A blink frog (Lair:6)
  A yak (Lair:2)
  A bush (Lair:6)
  6 fungi
  20 plants
  2 spectral weapons (Lair:6)
31 creatures vanquished.

Grand Total: 470 creatures vanquished

Notes
Turn   | Place    | Note
-------+----------+-------------------------------------------
     0 | D:1      | nht the Formicid Fighter began the quest for the Orb.
     0 | D:1      | Reached XP level 1. HP: 18/18 MP: 1/1
    89 | D:1      | Reached XP level 2. HP: 24/24 MP: 2/2
   167 | D:1      | Reached skill level 3 in Axes
   258 | D:1      | Reached XP level 3. HP: 29/29 MP: 3/3
  1070 | D:2      | Found a shattered altar of Ashenzari.
  1225 | D:2      | Reached skill level 4 in Axes
  1225 | D:2      | Reached XP level 4. HP: 29/35 MP: 4/4
  1507 | D:3      | Noticed Sigmund
  1509 | D:3      | Found a faded altar of an unknown god.
  1519 | D:3      | Killed Sigmund
  1519 | D:3      | Reached skill level 6 in Axes
  1519 | D:3      | Reached XP level 5. HP: 24/41 MP: 5/5
  1519 | D:3      | Reached XP level 6. HP: 28/47 MP: 6/6
  1532 | D:3      | Became a worshipper of Dithmenos the Shadowed
  1532 | D:3      | Reached * piety under Dithmenos
  1755 | D:3      | Found a deep blue altar of Sif Muna.
  2004 | D:4      | Found a bloodstained altar of Trog.
  2004 | D:4      | Found a blossoming altar of Fedhas.
  2005 | D:4      | Found a snail-covered altar of Cheibriados.
  2005 | D:4      | Found a deep blue altar of Sif Muna.
  2074 | D:4      | Noticed Robin
  2081 | D:4      | Noticed an ogre
  2085 | D:4      | Killed Robin
  2085 | D:4      | Reached ** piety under Dithmenos
  2088 | D:4      | Killed an ogre
  2088 | D:4      | Reached XP level 7. HP: 36/52 MP: 7/7
  2104 | D:4      | Reached skill level 7 in Axes
  2321 | D:4      | Reached skill level 8 in Axes
  2361 | D:4      | Noticed anet's ghost (amateur DEWz)
  2384 | D:4      | Killed anet's ghost
  2384 | D:4      | Reached XP level 8. HP: 58/58 MP: 8/8
  2400 | D:4      | Reached skill level 9 in Axes
  2805 | D:4      | Found a burning altar of Makhleb.
  3009 | D:5      | Entered Level 5 of the Dungeon
  3219 | D:5      | Reached skill level 10 in Axes
  3569 | D:5      | Found Mixkihig's Merry Market.
  3579 | D:5      | Reached XP level 9. HP: 27/64 MP: 9/9
  3841 | D:5      | Reached skill level 11 in Axes
  4200 | D:5      | Reached *** piety under Dithmenos
  4324 | D:5      | Found a glowing silver altar of Zin.
  4324 | D:5      | Found a white marble altar of Elyvilon.
  4325 | D:5      | Found a glowing golden altar of the Shining One.
  4371 | D:6      | Found a blossoming altar of Fedhas.
  4525 | D:6      | Found an opulent altar of Gozag.
  4525 | D:6      | Found a stormy altar of Qazlal.
  4526 | D:6      | Found a glowing golden altar of the Shining One.
  4526 | D:6      | Found a hide-covered altar of Uskayaw.
  4527 | D:6      | Found an ancient bone altar of Kikubaaqudgha.
  4527 | D:6      | Found a glowing silver altar of Zin.
  4544 | D:6      | Reached skill level 12 in Axes
  4555 | D:6      | Found a shattered altar of Ashenzari.
  4555 | D:6      | Found a hide-covered altar of Uskayaw.
  4935 | D:6      | Found a staircase to the Ecumenical Temple.
  5030 | D:6      | Found a sparkling altar of Nemelex Xobeh.
  5030 | D:6      | Found a stormy altar of Qazlal.
  5033 | D:6      | Found a hazy altar of Hepliaklqana.
  5035 | D:6      | Found an ancient bone altar of Kikubaaqudgha.
  5136 | D:7      | Reached XP level 10. HP: 67/70 MP: 10/10
  5263 | D:7      | Reached skill level 13 in Axes
  5309 | Temple   | Entered the Ecumenical Temple
  5495 | D:7      | Got a brightly glowing dagger
  5496 | D:7      | Identified the +6 dagger of the Abyss {venom, rC+ rN+ Int+3} (You found it on level 7 of the Dungeon)
  5670 | D:7      | Reached skill level 14 in Axes
  6222 | D:8      | Reached **** piety under Dithmenos
  6261 | D:8      | Found a glowing golden altar of the Shining One.
  6818 | D:9      | Found Kytzuguy's Distillery.
  6821 | D:9      | Bought a potion of agility for 60 gold pieces
  6821 | D:9      | Bought a potion of lignification for 45 gold pieces
  6821 | D:9      | Bought 2 potions of lignification for 90 gold pieces
  6821 | D:9      | Bought a potion of heal wounds for 75 gold pieces
  6893 | D:9      | Reached skill level 5 in Shields
  6898 | D:9      | Reached XP level 11. HP: 25/75 MP: 11/11
  7206 | D:9      | Noticed a two-headed ogre
  7212 | D:9      | Killed a two-headed ogre
  7233 | D:9      | Noticed a two-headed ogre
  7242 | D:9      | Killed a two-headed ogre
  7242 | D:9      | Reached skill level 15 in Axes
  7460 | D:9      | Found a radiant altar of Vehumet.
  8140 | D:10     | Entered Level 10 of the Dungeon
  8776 | D:10     | Found Bajuc's Food Emporium.
  8920 | D:10     | Got a transparent war axe
  8921 | D:10     | Identified the cursed +3 war axe of the Depths {chop, MR+ Dex+5} (You found it on level 10 of the Dungeon)
  8948 | D:10     | Noticed an unseen horror
  8966 | D:10     | Killed an unseen horror
  9040 | D:10     | Found a deep blue altar of Sif Muna.
  9044 | D:10     | Reached ***** piety under Dithmenos
  9504 | D:11     | Noticed a brown ugly thing
  9520 | D:11     | Killed a brown ugly thing
  9648 | D:11     | Noticed a deep elf mage
  9664 | D:11     | Killed a deep elf mage
  9680 | D:11     | Identified the Handbook of Doomed Bewitchment
  9712 | D:11     | Learned a level 3 spell: Tukima's Dance
  9752 | D:11     | Reached skill level 1 in Hexes
  9752 | D:11     | Reached XP level 12. HP: 70/82 MP: 12/12
  9774 | D:11     | HP: 2/123 [hornet (8)]
 10126 | D:11     | Found a staircase to the Orcish Mines.
 10227 | D:11     | Found a staircase to the Lair.
 10579 | Lair:1   | Entered Level 1 of the Lair of Beasts
 10781 | Lair:1   | Reached skill level 16 in Axes
 10798 | Lair:1   | Learned a level 6 spell: Invisibility
 10851 | Lair:1   | Reached skill level 1 in Spellcasting
 10851 | Lair:1   | Reached skill level 5 in Hexes
 11021 | Lair:1   | Noticed a seven-headed hydra
 11028 | Lair:1   | Killed a seven-headed hydra
 11253 | Lair:2   | Noticed a five-headed hydra
 11671 | Lair:3   | Found a hole to the Spider Nest.
 11899 | Lair:3   | Reached skill level 5 in Spellcasting
 11938 | Lair:3   | Learned a level 6 spell: Darkness
 11981 | Lair:3   | Reached XP level 13. HP: 49/88 MP: 21/21
 12002 | Lair:2   | Reached ****** piety under Dithmenos
 12668 | Lair:2   | Reached skill level 5 in Fighting
 12740 | Lair:2   | Got a silken robe
 12751 | Lair:2   | Identified the +0 robe of the Circus Animal {*Contam MR+ rCorr} (You found it on level 2 of the Lair of Beasts)
 12862 | D:11     | Gained mutation: You expend magic power (3 MP) to strengthen your wands. [mutagenic glow]
 13348 | Lair:2   | Noticed a catoblepas
 13356 | Lair:2   | Killed a catoblepas
 13483 | Lair:3   | Reached skill level 10 in Hexes
 13733 | Lair:3   | Killed a seven-headed hydra
 14073 | Lair:4   | Found a staircase to the Shoals.
 14236 | Lair:4   | Learned a level 5 spell: Metabolic Englaciation
 14240 | Lair:4   | Learned a level 3 spell: Spectral Weapon
 14919 | Lair:5   | Reached skill level 5 in Armour
 15378 | Lair:5   | Got a twisted robe
 15389 | Lair:5   | Identified the +2 robe "Bume" {rElec rF++ rC+ Str-2} (You found it on level 5 of the Lair of Beasts)
 16025 | Lair:6   | Entered Level 6 of the Lair of Beasts
 16025 | Lair:6   | Noticed a four-headed hydra
 16037 | Lair:5   | Reached XP level 14. HP: 78/100 MP: 16/24
 17299 | Lair:5   | HP: 3/100 [five-headed hydra (6)]
 17300 | Lair:5   | Slain by a five-headed hydra

Vault maps used:
D:1:      minmay_arrival_stair_chambers, kennysheep_minor_cross
D:2:      ashenzari_altar_1
D:3:      chequers_ecumenical_altar_simple_redux,
          corexii_item_surrounded_by_moat, led_sif_pool, uniq_sigmund
D:4:      cheibrodos_quashed, lemuel_round_altar,
          chequers_temple_overflow_statue_of_worship, uniq_robin
D:5:      good_gods_temple_1, first_bread, nicolae_alphabet_shops
D:6:      temple_doors_ab, grunt_decor_mini_mirrors,
          fedhas_bush_and_centaur_altar
D:7:      grunt_livestock
D:8:      nicolae_tso_besieged_by_evil
D:9:      basic_altar, serial_shops, kennysheep_mini_moat
D:10:     kennysheep_orc_sif_temple, serial_shops, nicolae_shop_statue_plus,
          minmay_stone_trees_large, hex_tiny
D:11:     lair_entry_dummy, david_orc_4, minmay_librarian
Temple:   nicolae_temple_x_marks_the_god
Lair:1:   dpeg_oklob_gauntlet, minivault_24
Lair:2:   beast_lair_carwin_11, grunt_megastairs_3
Lair:3:   spider_nest_entry_a
Lair:4:   minmay_shoals_entry_centaurs
Lair:6:   minmay_lair_end_frog_pond, nicolae_slime_entry_slimehenge,
          worms_lemuel

Skill      XL: |  1  2  3  4  5  6  7  8  9 10 11 12 13 14 |
---------------+-------------------------------------------+-----
Axes           | 3 4 6 8 10 12 14 15 16 | 16.0
Shields        | 5 9 |  9.0
Fighting       | 4 6 |  6.2
Armour         | 4 5 |  5.8
Hexes          | 1 8 12 13 | 13.9
Spellcasting   | 5 7 |  7.1

Action                   |  1- 3 |  4- 6 |  7- 9 | 10-12 | 13-15 || total
-------------------------+-------+-------+-------+-------+-------++-------
Melee: War axe           |    84 |   113 |   328 |   647 |   471 ||  1643
 Cast: Spectral Weapon   |       |       |       |       |     3 ||     3
       Invisibility      |       |       |       |       |     2 ||     2
       Metabolic Englaci |       |       |       |       |     1 ||     1
 Abil: Dig               |       |       |     1 |     2 |     4 ||     7
       Shaft Self        |       |       |       |       |     1 ||     1
Evoke: Wand              |       |       |       |    20 |    31 ||    51
  Use: Potion            |       |     1 |     9 |     5 |     1 ||    16
       Scroll            |       |       |     9 |    13 |     4 ||    26
 Stab: Paralysed         |       |       |       |     5 |     4 ||     9
       Invisible         |       |       |       |       |    10 ||    10
  Eat: Chunk             |     1 |     3 |    10 |    23 |    17 ||    54
       Fruit             |       |       |       |       |     2 ||     2
Armor: Scale mail        |    43 |    36 |   120 |   124 |    21 ||   344
       Skin              |       |       |    23 |    22 |       ||    45
       Chain mail        |       |       |       |       |    27 ||    27
       Robe              |       |       |       |       |    39 ||    39
Dodge: Dodged            |    22 |    39 |   117 |   143 |   147 ||   468
Block: Shield            |    44 |    56 |   165 |   282 |   245 ||   792
